AoeStats
← GuLy San (10)

Arabia

509716626Analyzed
1v1 RM · 6d ago on Sep 27, 2026· 68m 58s· 2 players
Game mode
Random Map
Map size
Tiny (2 player)
Population
200
Speed
Normal
Resources
Standard
Victory
Conquest
Starting age
Dark Age
Ending age
Imperial Age
RankedLock teamsTeams togetherTeam positionsShared explorationLock speedFull tech treeHidden civsTurbo modeCheats
Victory
Defeat
🇦🇷 Huns · Argentina
833
+14
🇨🇭 Inca · Switzerland
797
-14
Terabyte
11:00 Feudal Age
9:16 Loom
13:29 Horse Collar
13:38 Double-Bit Axe
15:57 Gold Mining
17:05 Scale Mail Armor
22:31 Castle Age
21:11 Stone Mining
22:21 Padded Archer Armor
22:12 Fletching
23:46 Leather Archer Armor
23:14 Elite Skirmisher
24:37 Bow Saw
26:44 Bodkin Arrow
27:39 Heavy Plow
31:01 Thumb Ring
35:20 Ballistics
34:56 Murder Holes
34:43 Treadmill Crane
35:03 Murder Holes
42:44 Chain Mail Armor
45:25 Imperial Age
43:33 Wheelbarrow
42:44 Town Watch
43:42 Forging
48:00 Elite Kamayuk
51:11 Gold Shaft Mining
53:33 Ring Archer Armor
53:04 Bracer
56:22 Squires
56:01 Pikeman
57:15 Plate Mail Armor
57:16 Fabric Shields
57:37 Conscription
58:32 Squires
59:23 Iron Casting
59:09 Halberdier
62:43 Crop Rotation
63:32 Conscription
GuLy San (10)
8:22 Loom
10:59 Feudal Age
11:24 Horse Collar
11:30 Double-Bit Axe
19:05 Forging
22:25 Castle Age
21:29 Gold Mining
22:17 Bloodlines
22:44 Fletching
23:54 Crossbowman
24:46 Husbandry
31:04 Stone Mining
33:54 Scale Mail Armor
34:03 Scale Barding Armor
37:13 Ballistics
39:46 Imperial Age
37:37 Thumb Ring
41:10 Parthian Tactics
40:08 Heavy Cavalry Archer
44:47 Bodkin Arrow
44:54 Padded Archer Armor
53:31 Cavalier
57:42 Elite Skirmisher
59:06 Leather Archer Armor
59:30 Iron Casting
Connection lost

Rejoining the realm…

Still unreachable

The connection could not be restored.

Session expired

The server has moved on; the page needs a fresh start.